 Dungeon Crawl Stone Soup version bcrawl-1.19.1 (webtiles) character file.

Game seed: 15818535015210907668

47 mahrnol the Conjurer (level 3, -6/19 HPs)
             Began as a Skeleton Conjurer on Dec 2, 2019.
             Mangled by Grinder (8 damage)
             ... on level 4 of the Dungeon.
             The game lasted 00:07:38 (2402 turns).

mahrnol the Conjurer (Skeleton Conjurer)            Turns: 2402, Time: 00:07:39

Health: -6/19      AC:  2    Str: 14      XL:     3   Next: 48%
Magic:  0/7        EV: 12    Int: 13 (14) God:
Gold:   128        SH:  0    Dex:  9      Spells: 2/8 levels left

rFire    + . .     SeeInvis .   n - +2 dagger (vamp)
rCold    . . .     Gourm    .   (no shield)
rNeg     + + +     Faith    +   a - +0 robe
rPois    ∞         Spirit   +   (no helmet)
rElec    .         Reflect  .   (no cloak)
rCorr    .         Harm     .   (no gloves)
MR       .....                  (no boots)
Stlth    ++........             e - amulet of faith
HPRegen  0.06/turn              f - ring of fire
MPRegen  0.10/turn              (no ring)

@: no status effects
A: no food or potions, cold resistance 1, deterioration 1, negative energy
resistance 3, torment resistance, unbreathing, magic shield, sturdy frame 1,
spell healing
a: no special abilities


You were on level 4 of the Dungeon.
You were not hungry.

You visited 1 branch of the dungeon, and saw 4 of its levels.

You collected 128 gold pieces.

Inventory:

Hand Weapons
 n - a +2 vampiric dagger (weapon)
Missiles
 h - 213 tomahawks (quivered)
 j - 295 sling bullets
 l - 185 bolts
 m - 269 arrows
Armour
 a - a +0 robe (worn)
Jewellery
 e - an amulet of faith (around neck)
 f - a ring of fire (left hand)
Scrolls
 b - a scroll of enchant armour {unknown}
 c - 2 scrolls of magic mapping {unknown}
 d - a scroll of teleportation {unknown}
 g - a scroll of amnesia {unknown}
 i - 3 scrolls of remove curse
 k - a scroll of identify {unknown}


   Skills:
 + Level 2.1 Dodging
 + Level 2.4 Stealth
 + Level 3.4 Spellcasting
 + Level 6.1 Conjurations


You had 2 spell levels left.
You knew the following spells:

 Your Spells              Type           Power        Failure   Level  Hunger
a - Magic Dart            Conj           ###.         1%          1    N/A
b - Searing Ray           Conj           ###...       2%          2    N/A
c - Iskenderun's Mystic   Conj           ###.....     5%          3    N/A

Your spell library contained the following spells:

 Spells                   Type           Power        Failure   Level  Hunger
 Fulminant Prism          Conj/Hex       ##........   52%         4    N/A
 Irradiate                Conj/Tmut      ##........   86%         5    N/A

Dungeon Overview and Level Annotations

Branches:
Dungeon (4/12)
 Temple: D:4-7

Altars:

Annotations:
D:3 Natasha
D:4 Grinder


Innate Abilities, Weirdness & Mutations

You do not eat or drink.
You are immune to poison.
Your flesh is cold resistant. (rC+)
Your body sometimes deteriorates upon taking damage.
You are immune to negative energy. (rN+++)
You are immune to unholy pain and torment.
You can survive without breathing.
When hurt, damage is shared between your health and your magic reserves.
Your movements are slightly less encumbered by armour. (ER -2)
Casting spells heals you.


Message History

Grinder hits you!
There is an escape hatch in the floor here.
The orc barely misses you.
Natasha howls an incantation.
Natasha's front paws start to glow.
Natasha barely misses you. Grinder hits you!
Ouch! That really hurt!
* * * LOW HITPOINT WARNING * * *
The kobold hits you with a +0 dagger.
* * * LOW HITPOINT WARNING * * *
You slide downwards.
The hatch slams shut behind you.
A worm comes into view.
Found 15 gold pieces, a scroll of remove curse, a white potion and a ring mail.
Found a stone staircase leading up.
You see here a ration {!d}.
A kobold comes into view. It is wielding a +0 short sword.
Grinder closely misses you.
Found an orange potion.
Grinder hits you!
You die...

...############
...#.....w<...#
#.............
#.............
#.............
#...........!.
#........[....
#..?.o@..!....
##..K5........
##.$........#
############


You could see Grinder, a worm (sleeping), an orc and a kobold.

Vanquished Creatures
  An ooze (D:1)
  2 dart slugs (D:1)
  A leopard gecko (D:2)
  2 orcs (D:3)
  A giant cockroach (D:1)
  3 goblins (D:1)
  4 hobgoblins
  2 jackals (D:1)
  A kobold (D:2)
  2 quokkas (D:3)
  A ball python (D:2)
  7 bats
  4 frilled lizards
  2 rats
33 creatures vanquished.

Notes
Turn   | Place    | Note
-------+----------+-------------------------------------------
     0 | D:1      | mahrnol the Skeleton Conjurer began the quest for the Orb.
     0 | D:1      | Reached XP level 1. HP: 10/10 MP: 4/4
    68 | D:1      | Reached skill level 5 in Conjurations
   147 | D:1      | Reached XP level 2. HP: 15/15 MP: 0/6
   210 | D:1      | Learned a level 2 spell: Searing Ray
  1027 | D:1      | Reached XP level 3. HP: 19/19 MP: 0/7
  1356 | D:2      | Learned a level 3 spell: Iskenderun's Mystic Blast
  1874 | D:3      | Reached skill level 6 in Conjurations
  2392 | D:3      | Noticed Grinder
  2393 | D:3      | Noticed Natasha
  2402 | D:4      | Mangled by Grinder

Skill      XL: |  1  2  3 |
---------------+----------+-----
Conjurations   | 5 6 |  6.1
Dodging        | |  2.1
Stealth        | |  2.4
Spellcasting   | |  3.4

Action                   || total
-------------------------++-------
 Cast: Magic Dart        ||    59
       Searing Ray       ||     5
       Iskenderun's Myst ||     1
  Use: Scroll            ||     1
Armor: Robe              ||     2
Dodge: Dodged            ||    10
